 Seeded DCSS version 0.30.0-15-g856e2d3f33 (webtiles) character file.

Game seed: 12735965570273765983 (custom seed)

39846 Pimp the Peltast (level 13, -15/94 HPs)
             Began as a Purple Draconian Monk on May 19, 2023.
             Was the Champion of Hepliaklqana.
             Killed from afar by a molten gargoyle (18 damage)
             ... with a bolt of magma
             ... in a volcano.
             The game lasted 00:50:46 (15109 turns).

Pimp the Peltast (Purple Draconian Monk)           Turns: 15109, Time: 00:50:46

Health: -15/94     AC: 13    Str: 20    XL:     13   Next: 71%
Magic:  0/19       EV: 12    Int: 16    God:    Hepliaklqana [******]
Gold:   1355       SH: 20    Dex: 18    Spells: 9/20 levels left

rFire   + + .        C - +2 scimitar of Qeapla {drain, Drain rF++ Str+3 Stlth+}
rCold   . . .        y - +0 tower shield
rNeg    + + .        (body armour unavailable)
rPois   .            (helmet restricted)
rElec   .            (no cloak)
rCorr   .            g - +2 pair of gloves {Str+3}
SInv    .            R - +1 pair of boots of Qazlal's Approval {-Cast +Blink Fly Regen+}
Will    +....        L - amulet of Yrazoxe {Spirit *Slow rN+ Int+5 Stlth+}
Stlth   ++++         o - ring of positive energy
HPRegen 1.15/turn    (no ring)
MPRegen 0.16/turn

%: no spellcasting, slow self (1%), guardian spirit
@: mighty, about to teleport, on berserk cooldown, flying, slowed, very slow
A: reduced essence, breathe power, AC +8, unfitting armour, cold-blooded
a: Breathe Dispelling Energy, Renounce Religion, Evoke Blink, Recall Ancestor,
Ancestor Identity, Transference, Idealise


You were in a volcano.
You worshipped Hepliaklqana.
Hepliaklqana was exalted by your worship.
You visited 3 branches of the dungeon, and saw 18 of its levels.
You also visited: Volcano.

You collected 1781 gold pieces.
You spent 426 gold pieces at shops.

Inventory:

Hand Weapons
 a - a +0 mace of flaming
 d - the +3 hand crossbow "Ydaotyec" {heavy, Fly rN+ Int+3}
   (You acquired it on level 1 of the Dungeon)

   Int:       It affects your intelligence (+3).
   rN:        It protects you from negative energy.
   Fly:       It grants you flight.
 q - a +2 quick blade of flaming
 C - the +2 scimitar of Qeapla (weapon) {drain, Drain rF++ Str+3 Stlth+}
   (You found it on level 5 of the Dungeon)

   Str:       It affects your strength (+3).
   rF:        It greatly protects you from fire.
   Drain:     It drains your maximum health when unequipped.
   Stlth:     It makes you more stealthy.
 I - a +1 long sword of flaming
 K - the +7 staff of the Meek {protect, meekguard}
   (You found it on level 8 of the Dungeon)
Missiles
 v - a throwing net
Armour
 c - an orb of light
 g - a +2 pair of gloves of strength (worn)
 s - a +0 pair of boots
 y - a +0 tower shield (worn)
 N - a +2 pair of boots of stealth
 R - the +1 pair of boots of Qazlal's Approval (worn) {-Cast +Blink Fly Regen+}
   (You found it on level 9 of the Dungeon)

   Fly:       It grants you flight.
   +Blink:    It lets you blink.
   -Cast:     It prevents spellcasting.
   Regen:     It increases your rate of health regeneration.
Jewellery
 o - a ring of positive energy (left hand)
 L - the amulet of Yrazoxe (around neck) {Spirit *Slow rN+ Int+5 Stlth+}
   (You found it on level 9 of the Dungeon)

   [amulet of guardian spirit]

   It causes incoming damage to be divided between your reserves of health and
   magic.
   Int:       It affects your intelligence (+5).
   rN:        It protects you from negative energy.
   *Slow:     It may slow you when you take damage.
   Stlth:     It makes you more stealthy.
 P - an amulet of magic regeneration
 Q - a ring of wizardry
 W - an amulet of reflection
Wands
 x - a wand of iceblast (26)
 D - a wand of digging (5)
 H - a wand of paralysis (22)
 J - a wand of flame (29)
 T - a wand of polymorph (6)
 Z - a wand of mindburst (15)
Scrolls
 e - 2 scrolls of noise {unknown}
 k - a scroll of teleportation
 n - 4 scrolls of enchant weapon
 r - 2 scrolls of immolation {unknown}
 t - a scroll of identify
 w - a scroll of silence {unknown}
 A - a scroll of poison {unknown}
 O - a scroll of amnesia {unknown}
 S - a scroll of enchant armour
 U - 2 scrolls of fog {unknown}
 V - 3 scrolls of magic mapping
Potions
 b - a potion of ambrosia
 f - 2 potions of degeneration
 h - 4 potions of haste {unknown}
 j - a potion of magic {unknown}
 l - 2 potions of mutation {unknown}
 m - 5 potions of attraction
 p - 3 potions of curing
 u - a potion of berserk rage
 z - 3 potions of lignification
 B - 6 potions of brilliance
 F - 2 potions of might
 G - 2 potions of invisibility {unknown}
 M - a potion of flight {unknown}
 Y - a potion of resistance {unknown}


   Skills:
 * Level 7.5 Fighting
 - Level 3.7 Maces & Flails
 - Level 14.2 Ranged Weapons
 - Level 3.4 Dodging
 - Level 15.0 Shields
 + Level 4.1 Spellcasting
 + Level 3.7 Conjurations
 + Level 4.0 Hexes
 + Level 3.7 Summonings


You had 9 spell levels left.
You knew the following spells:

 Your Spells              Type           Power      Damage    Failure   Level
a - Slow                  Hex            64%        N/A       9%          1
b - Summon Guardian Gole  Hex/Summ       15%        N/A       28%         3
c - Orb of Destruction    Conj           7%         9d6       100%        7

Your spell library contained the following spells:

 Spells                   Type           Power      Damage    Failure   Level
 Magic Dart               Conj           60%        1d6       10%         1
 Summon Small Mammal      Summ           60%        N/A       11%         1
 Call Imp                 Summ           30%        N/A       16%         2
 Confusing Touch          Hex            16%        N/A       26%         3
 Dazzling Flash           Conj/Hex       30%        N/A       28%         3
 Call Canine Familiar     Summ           15%        N/A       30%         3
 Lesser Beckoning         Tloc           6%         N/A       56%         2
 Sublimation of Blood     Necr           3%         N/A       56%         2
 Wereblood                Tmut           3%         N/A       56%         2
 Mephitic Cloud           Conj/Pois/Air  7%         N/A       63%         3
 Gell's Gravitas          Tloc           3%         N/A       80%         3
 Teleport Other           Tloc           3%         N/A       80%         3
 Vampiric Draining        Necr           3%         2d6       80%         3
 Volatile Blastmotes      Fire/Tloc      6%         2d10      80%         3
 Iskenderun's Mystic Bla  Conj/Tloc      9%         2d4       91%         4
 Iskenderun's Battlesphe  Conj           15%        2d7       95%         5
 Passage of Golubria      Tloc           3%         N/A       99%         4
 Fireball                 Conj/Fire      4%         3d4       99%         5
 Silence                  Hex/Air        4%         N/A       99%         5
 Freezing Cloud           Conj/Ice/Air   3%         6-21      100%        5
 Conjure Ball Lightning   Conj/Air       4%         3x3d6     100%        6
 Simulacrum               Ice/Necr       1%         N/A       100%        6
 Starburst                Conj/Fire      4%         6d4       100%        6
 Spellforged Servitor     Conj/Summ      7%         N/A       100%        7
 Summon Hydra             Summ           7%         N/A       100%        7
 Lehudib's Crystal Spear  Conj/Erth      4%         10d3      100%        8
 Chain Lightning          Conj/Air       4%         3d6       100%        9
 Fire Storm               Conj/Fire      4%         8d1       100%        9
 Polar Vortex             Ice            1%         N/A       100%        9
 Shatter                  Erth           1%         3d6*      100%        9


Dungeon Overview and Level Annotations

Branches:
Dungeon (12/15)            Temple (0/1) D:5            Lair (4/5) D:11
 Shoals (0/4) Lair:3       Spider (0/4) Lair:2          Orc (2/2) D:9
    Elf (0/3) Orc:2       Volcano (1/1)
  Slime: Lair:4-5

Altars:
Dithmenos
Elyvilon
Fedhas
Hepliaklqana
Kikubaaqudgha
Makhleb
Nemelex Xobeh
Qazlal
Uskayaw
Vehumet
Wu Jian
Yredelemnul
The Shining One

Shops:
D:11 *   D:12 *   Orc:2 (??[(

Portals:
Trove: D:11 (give +6 demon whip)

Annotations:
D:5 2 transporters, AverageBear's ghost, amateur OpFi
Lair:4 Urug


Innate Abilities, Weirdness & Mutations

Your life essence is reduced to manifest your ancestor. (-10% HP)
You can breathe bolts of dispelling energy.
Your rich purple scales are hard. (AC +8)
You cannot fit into any form of body armour.
You are cold-blooded and may be slowed by cold attacks.


Message History

You slice the lindwurm!!
The lindwurm is heavily wounded.
You slash the lindwurm! You drain the lindwurm.
You kill the lindwurm!
The molten gargoyle blasts magma at you!
The bolt of magma hits you. You partially resist.
The lindwurm breathes flames at you. The blast of flame hits you! You resist.
* * * LOW HITPOINT WARNING * * *
You hit the molten gargoyle but do no damage.
You tail-slap the molten gargoyle!
The molten gargoyle is moderately damaged.
You are no longer berserk.
You are exhausted.
You feel yourself slow down.
Thoko hits the earth elemental with a +0 quarterstaff!
You feel mightier all of a sudden. You block the molten gargoyle's attack.
The lindwurm breathes flames at you. The blast of flame misses you.
The molten gargoyle hits you with a +0 flail!
* * * LOW HITPOINT WARNING * * *
You are engulfed in flames.
You resist.
* * * LOW HITPOINT WARNING * * *
Blink to where?
Press: ? - help, Dir - move target
As you read the scroll of blinking, it crumbles to dust.
The molten gargoyle blasts magma at you!
The bolt of magma hits you! You partially resist.
* * * LOW HITPOINT WARNING * * *
You feel better.
The molten gargoyle blasts magma at you!
The bolt of magma hits you!! You partially resist.
* * * LOW HITPOINT WARNING * * *
Okay, then.
As you read the scroll of teleportation, it crumbles to dust.
You feel strangely unstable.
The molten gargoyle blasts magma at you!
The bolt of magma hits you!! You partially resist.
You die...

####...9≈#≈≈≈..####
###..###☼☼###
###R#'### ##.#)##
##.##○.##
##.##≈≈≈.##
##.###≈§≈≈.##
#.9##≈§≈≈≈≈.#
##@##§≈≈≈≈.##
##.##≈≈≈.##
##'###'##
##..###..##
##.........###
#...§.§.∩....#
##..§≈≈§...###
#○≈§§§§≈≈☼#
##°§§≈≈○☼##


You could see a molten gargoyle.

Vanquished Creatures
  The ghost of LobsterGuardian the Slicer, a journeyman SpVM of Makhleb (Orc:2)
  A catoblepas (Lair:2)
  A two-headed ogre (D:10)
  2 boulder beetles (D:11)
  A death yak (Lair:3)
  An orc high priest (Orc:2)
  A skyshark (Lair:2)
  A lindwurm (Volcano)
  3 orc knights (Orc:2)
  4 orc sorcerers
  A cyclops (D:9)
  2 elephants (Lair:3)
  A black mamba (Lair:2)
  5 cane toads
  3 komodo dragons
  2 efreet (Volcano)
  3 rime drakes
  5 trolls
  4 blink frogs (Lair:3)
  A vampire (D:12)
  3 culicivoras (Lair:2)
  Eustachio (D:6)
  2 basilisks
  3 wyverns
  11 yaks
  3 fire bats (Lair:4)
  A fire elemental (Volcano)
  3 vampire mosquitoes (D:12)
  4 wargs (Orc:2)
  Edmund (D:6)
  An acid dragon (D:9)
  7 water moccasins
  17 orc warriors
  A sky beast (D:7)
  4 black bears
  2 ogres
  7 wolves
  A phantom (D:5)
  A kobold brigand (D:10)
  7 bullfrogs
  A gnoll sergeant (D:9)
  5 scorpions
  5 wights
  6 killer bees
  A howler monkey (D:7)
  17 orc priests
  4 hounds
  2 sleepcaps
  Jessica (D:3)
  Terence (D:2)
  An iguana (D:6)
  15 orc wizards
  5 adders
  14 gnolls
  A shadow imp (D:7)
  A white imp (D:6)
  2 worms
  A dart slug (D:3)
  64 orcs
  8 ball pythons
  4 bats
  4 endoplasms
  2 giant cockroaches
  8 goblins
  6 hobgoblins
  7 jackals
  6 quokkas
  4 frilled lizards
  10 kobolds
  5 rats
  4 fire vortices (Volcano)
338 creatures vanquished.

Vanquished Creatures (collateral kills)
  3 hydras
  A boulder beetle (Lair:2)
  A two-headed ogre (D:10)
  2 orc high priests (Orc:2)
  2 death yaks (Lair:3)
  Nergalle (D:11)
  A skyshark (Lair:2)
  An orc sorcerer (Orc:2)
  An orc knight (Orc:2)
  A merfolk siren (Lair:3)
  An elephant (Lair:3)
  A guardian serpent (Lair:2)
  A black mamba (Lair:1)
  A cane toad (Lair:2)
  Maggie (D:7)
  An unseen horror (D:11)
  A komodo dragon (Lair:1)
  A hornet (D:7)
  3 blink frogs (Lair:3)
  3 culicivoras (Lair:2)
  A shadow (D:9)
  3 wyverns
  A yak (D:9)
  A warg (Orc:2)
  3 water moccasins
  An acid dragon (D:10)
  An ice beast (D:7)
  9 orc warriors
  A black bear (D:11)
  A wolf (Lair:1)
  A gnoll sergeant (D:9)
  4 bullfrogs
  A wight (D:7)
  3 killer bees
  A howler monkey (D:6)
  A jelly (D:6)
  4 orc priests
  2 hounds (D:6)
  A gnoll bouda (D:5)
  2 sleepcaps
  6 orc wizards
  3 gnolls
  2 adders
  2 ufetubi (D:6)
  19 orcs
  3 bats (D:6)
  A goblin (Orc:2)
  A kobold (D:10)
  A quokka (D:5)
  A fire vortex (Volcano)
109 creatures vanquished.

Vanquished Creatures (others)
  An orc wizard (Orc:2)
  21 battlemagi
  2 fire vortices (Volcano)
24 creatures vanquished.

Grand Total: 471 creatures vanquished

Notes
Turn   | Place    | Note
-------+----------+-------------------------------------------
     0 | D:1      | Pimp the Draconian Monk began the quest for the Orb.
     0 | D:1      | Reached XP level 1. HP: 19/19 MP: 1/1
    34 | D:1      | Identified 2 scrolls of acquirement
    34 | D:1      | Acquired the +3 hand crossbow "Ydaotyec" {heavy, Fly rN+
                  | Int+3}
    35 | D:1      | Acquired a +0 pair of gloves of strength
   162 | D:1      | Reached XP level 2. HP: 20/26 MP: 2/2
   256 | D:1      | Reached skill level 1 in Ranged Weapons
   563 | D:1      | Reached XP level 3. HP: 31/31 MP: 3/3
   775 | D:2      | Found a stormy altar of Qazlal.
   787 | D:2      | Noticed Terence
   791 | D:2      | Killed Terence
   977 | D:2      | Reached XP level 4. HP: 40/40 MP: 4/4
  1567 | D:3      | Noticed Jessica
  1569 | D:3      | Killed Jessica
  1703 | D:3      | Reached XP level 5. HP: 46/46 MP: 5/5
  2307 | D:4      | Found a basalt altar of Yredelemnul.
  2404 | D:4      | Found a radiant altar of Vehumet.
  2466 | D:4      | Found a blossoming altar of Fedhas.
  2485 | D:4      | Found a shadowy altar of Dithmenos.
  2789 | D:4      | Found a hazy altar of Hepliaklqana.
  2797 | D:4      | Became a worshipper of Hepliaklqana the Forgotten
  2797 | D:4      | Reached * piety under Hepliaklqana
  2797 | D:4      | Reached ** piety under Hepliaklqana
  2798 | D:4      | Remembered your ancestor Thoko as a battlemage
  2825 | D:5      | Entered Level 5 of the Dungeon
  2871 | D:5      | Reached skill level 1 in Shields
  2927 | D:5      | Found an ornate altar of the Wu Jian Council.
  2964 | D:5      | Found a hide-covered altar of Uskayaw.
  2976 | D:5      | Reached XP level 6. HP: 46/46 MP: 6/6
  3129 | D:5      | Found a transporter.
  3129 | D:5      | Noticed AverageBear's ghost (amateur OpFi)
  3208 | D:5      | Reached skill level 2 in Shields
  3331 | D:5      | Reached skill level 3 in Shields
  3378 | D:5      | Found a staircase to the Ecumenical Temple.
  3573 | D:5      | Identified the +6 great mace "Zabrocita" {flame, rPois rF-
                  | Str+3}
  3574 | D:5      | Found a transporter.
  3786 | D:5      | Identified the +2 scimitar of Qeapla {drain, Drain rF++
                  | Str+3 Stlth+}
  3870 | D:6      | Your scales start taking on a rich purple colour.
  3870 | D:6      | Reached XP level 7. HP: 53/53 MP: 7/7
  3986 | D:6      | Noticed Eustachio
  3993 | D:6      | Reached skill level 4 in Shields
  4011 | D:6      | Killed Eustachio
  4012 | D:6      | Reached skill level 5 in Ranged Weapons
  4116 | D:6      | Reached skill level 5 in Shields
  4145 | D:6      | Reached XP level 8. HP: 44/59 MP: 8/8
  4302 | D:6      | Reached *** piety under Hepliaklqana
  4305 | D:6      | Noticed Edmund
  4310 | D:6      | Killed Edmund
  4803 | D:6      | Reached skill level 6 in Shields
  5071 | D:7      | Noticed a hornet
  5077 | D:7      | Paralysed by a hornet for 1 turns
  5079 | D:7      | Reached skill level 7 in Shields
  5079 | D:7      | Killed a hornet
  5080 | D:7      | Reached XP level 9. HP: 33/63 MP: 9/9
  5384 | D:7      | Noticed Maggie
  5388 | D:7      | Killed Maggie
  5389 | D:7      | Reached skill level 8 in Shields
  5457 | D:7      | Found a white marble altar of Elyvilon.
  5982 | D:8      | Found a sparkling altar of Nemelex Xobeh.
  6051 | D:8      | Reached **** piety under Hepliaklqana
  6241 | D:8      | Reached skill level 9 in Shields
  6341 | D:8      | Found the +7 staff of the Meek {protect, meekguard}
  6487 | D:8      | Reached XP level 10. HP: 66/70 MP: 10/10
  6795 | D:9      | Found an ancient bone altar of Kikubaaqudgha.
  6798 | D:9      | Identified the amulet of Yrazoxe {Spirit *Slow rN+ Int+5
                  | Stlth+}
  7068 | D:9      | Found a staircase to the Orcish Mines.
  7171 | D:9      | Reached skill level 10 in Shields
  7419 | D:9      | Identified the +1 pair of boots of Qazlal's Approval {-Cast
                  | +Blink Fly Regen+}
  7472 | D:9      | Reached skill level 10 in Ranged Weapons
  7506 | D:9      | Noticed a cyclops
  7510 | D:9      | Killed a cyclops
  7641 | D:9      | Found a glowing golden altar of the Shining One.
  7772 | D:10     | Entered Level 10 of the Dungeon
  7824 | D:10     | Reached skill level 11 in Shields
  7882 | D:10     | Noticed a two-headed ogre
  7884 | D:10     | Killed a two-headed ogre
  7940 | D:10     | Noticed a two-headed ogre
  7944 | D:10     | Killed a two-headed ogre
  7945 | D:10     | Reached XP level 11. HP: 75/75 MP: 11/11
  8449 | D:11     | Found a staircase to the Lair.
  8483 | D:11     | Got the Catalogue of Cold
  8612 | D:11     | Noticed Nergalle
  8619 | D:11     | Killed Nergalle
  8620 | D:11     | Reached skill level 12 in Shields
  8640 | D:11     | Reached ***** piety under Hepliaklqana
  8711 | D:11     | You are sucked into a shaft and drop 1 floor!
  8824 | D:12     | Noticed a six-headed hydra
  8914 | D:11     | Found a portal to a secret trove of treasure.
  8934 | D:11     | Noticed a boulder beetle
  8942 | D:11     | Killed a boulder beetle
  9009 | D:11     | Noticed a boulder beetle
  9167 | D:11     | Killed a boulder beetle
  9500 | D:11     | Found Notzoick's Assorted Antiques.
  9679 | D:12     | Found Gaclimy's Assorted Antiques.
  9709 | D:12     | Killed a six-headed hydra
  9732 | D:12     | Noticed a red ugly thing
  9737 | D:12     | Reached skill level 13 in Shields
  9867 | Orc:1    | Entered Level 1 of the Orcish Mines
  9932 | Orc:1    | Noticed an orc sorcerer
  9935 | Orc:1    | Killed an orc sorcerer
 10143 | Orc:2    | Entered Level 2 of the Orcish Mines
 10683 | Orc:2    | Reached XP level 12. HP: 81/81 MP: 12/12
 10765 | Orc:2    | Found a runed translucent gate.
 10771 | Orc:2    | Found a runed translucent gate.
 10771 | Orc:2    | Found a runed translucent gate.
 10847 | Orc:2    | Found a burning altar of Makhleb.
 10933 | Orc:2    | Found a staircase to the Elven Halls.
 11043 | Orc:2    | Noticed an orc high priest
 11242 | Orc:2    | Noticed LobsterGuardian's ghost (journeyman SpVM)
 11252 | Orc:2    | Killed LobsterGuardian's ghost
 11445 | Orc:2    | Found Gaysuqaka's Antique Weapon Emporium.
 11491 | Orc:2    | Noticed an orc high priest
 11493 | Orc:2    | Killed an orc high priest
 11494 | Orc:2    | Reached skill level 14 in Shields
 11503 | Orc:2    | Killed an orc high priest
 11506 | Orc:2    | Noticed an orc high priest
 11826 | Orc:2    | Killed an orc high priest
 11878 | Orc:2    | Found Peifyora's Magic Scroll Boutique.
 11878 | Orc:2    | Found Zumy's Antique Weapon Emporium.
 11880 | Orc:2    | Found Cuqocuf's Magic Scroll Boutique.
 11880 | Orc:2    | Found Muarerph's Antique Armour Emporium.
 11886 | Orc:2    | Bought a scroll of fear for 60 gold pieces
 11886 | Orc:2    | Bought a scroll of summoning for 142 gold pieces
 11889 | Orc:2    | Bought a scroll of enchant weapon for 112 gold pieces
 11889 | Orc:2    | Bought a scroll of enchant weapon for 112 gold pieces
 12081 | Lair:1   | Entered Level 1 of the Lair of Beasts
 12521 | Lair:1   | Reached skill level 15 in Shields
 12949 | Lair:2   | Learned a level 1 spell: Slow
 12953 | Lair:2   | Learned a level 3 spell: Summon Guardian Golem
 12961 | Lair:2   | Learned a level 7 spell: Orb of Destruction
 13004 | Lair:2   | Reached XP level 13. HP: 86/87 MP: 13/13
 13033 | Lair:2   | Found a hole to the Spider Nest.
 13092 | Lair:2   | Reached skill level 1 in Spellcasting
 13092 | Lair:2   | Reached skill level 1 in Hexes
 13092 | Lair:2   | Reached skill level 1 in Summonings
 13120 | Lair:2   | Reached skill level 1 in Conjurations
 13380 | Lair:2   | Reached ****** piety under Hepliaklqana
 13589 | Lair:2   | Reached skill level 5 in Fighting
 13885 | Lair:2   | Found the +3 pair of seven-league boots {Rampage+∞}
 14584 | Lair:3   | Found a staircase to the Shoals.
 14845 | Lair:4   | Noticed Urug
 14910 | Lair:4   | Found a dark tunnel.
 14919 | Volcano  | Entered a volcano
 15108 | Volcano  | HP: 1/94 [molten gargoyle/bolt of magma (21)]
 15109 | Volcano  | Killed from afar by a molten gargoyle

Illustrated notes

Levels and vault maps discovered:
D:1:      dpeg_arrival_long_road, layout_loops_cross, hex_tiny
D:2:      minmay_evil_eye, layout_basic, basic_altar, minmay_ruptured,
          uniq_terence
D:3:      layout_loops_ring, minmay_surrounded, uniq_jessica
D:4:      layout_cave_pools, mainiacjoe_overflow_brackets,
          mainiacjoe_overflow_24_doors, mainiacjoe_overflow_catwalk, minitemple
D:5:      layout_basic, eat_drink_and_be_merry_uskayaw, kennysheep_little_box,
          minmay_temple_entry_glassed_door, gammafunk_ghost_smash, minivault_25
D:6:      old_forge, layout_loops_corners, uniq_edmund, uniq_eustachio
D:7:      minmay_angry_zag, layout_loops_ring, mainiacjoe_overflow_alcove_2,
          uniq_maggie
D:8:      layout_basic, nemelex_diamond_rough_becter, pf_guarded_unrand_meek
D:9:      layout_basic, tso_altar, old_standard_altar, erik_orc_2
D:10:     hellmonk_crumbling_castle, layout_irregular_city
D:11:     layout_loops_ring, minmay_lair_entry_grove, enter_trove_0,
          serial_shops, shop, nzn_sisyphean_effort, uniq_nergalle
D:12:     layout_rooms, serial_shops, shop
Lair:1:   layout_cave_pods
Lair:2:   layout_gridlike, hellmonk_spider_entry_life_and_decay,
          nicolae_quartered_pool_medium, chequers_serial_rivers_micro_a,
          dreamdust_mushroom_princess,
          hellmonk_guarded_unrand_seven_league_boots
Lair:3:   layout_regular_city, elwin_shoals_entry_rooms, serial_bayou_pond_b
Lair:4:   minmay_lair_venomous_thicket, layout_regular_city,
          nicolae_volcano_entry_batcave, uniq_urug
Orc:1:    layout_caves
Orc:2:    grunt_orc_tribal_feast, layout_caves, basic_altar,
          ebering_ghost_rock_garden, serial_shops, shop, mines5_lemuel
Volcano:  volcano_aerie

Skill      XL: |  1  2  3  4  5  6  7  8  9 10 11 12 13 |
---------------+----------------------------------------+-----
Ranged Weapons | 1 2 3 4 5 7 9 10 12 14 | 14.2
Dodging        | 3 |  3.4
Fighting       | 4 7 |  7.5
Shields        | 1 3 5 7 9 11 13 15 | 15.0
Spellcasting   | 4 |  4.1
Hexes          | 4 |  4.0
Summonings     | 3 |  3.7
Conjurations   | 3 |  3.7
Maces & Flails | |  3.7

Action                     |  1- 3 |  4- 6 |  7- 9 | 10-12 | 13-15 || total
---------------------------+-------+-------+-------+-------+-------++-------
  Melee: Scimitar          |       |       |       |       |    37 ||    37
         Tailslap          |       |       |       |       |     8 ||     8
   Fire: Hand crossbow     |    48 |    96 |   146 |   433 |   133 ||   856
 Invoke: Ancestor Life: Ba |       |     1 |       |       |       ||     1
         Recall Ancestor   |       |       |       |     1 |       ||     1
         Idealise          |       |       |       |     1 |       ||     1
Ability: Breathe Dispellin |       |       |     1 |     1 |       ||     2
    Use: Scroll            |     2 |     3 |       |    11 |    12 ||    28
         Potion            |       |       |       |     2 |     7 ||     9
 Armour: Skin              |    19 |     6 |    30 |   143 |    17 ||   215
  Dodge: Dodged            |    55 |    19 |    43 |   140 |    27 ||   284
  Block: Tower shield      |       |    14 |    78 |   362 |   126 ||   580
